Unix NetHack Version 3.7.0-86 Work-in-progress - last build May 30 2023 11:53:40 (cc98dc9aa62a9957b082a042edf5bd7ec9f632c7,branch:master). Game began 2023-05-31 08:39:49, ended 2023-05-31 14:48:29. Mishka, lawful female dwarven Valkyrie ..... ....... --.......... -------............ |.................- ....----.....<..... ......|........0 . .............. ..N............- G .h.........---. ......^.--- ....q...| G h ........| -.......| |.0...--- --.---- --- Mishka the Fighter St:5 Dx:16 Co:17 In:10 Wi:10 Ch:11 Lawful S:11844 Dlvl:10 $:0 HP:0(73) Pw:15(15) AC:-6 Xp:9/2760 T:12846 Hungry Burdened Latest messages: You hit the leather golem! The leather golem misses! The leather golem hits! You destroy the leather golem! There are several objects here. You see here an elven dagger. You hear some noises in the distance. What do you want to use or apply? [adik-mot-vyABDJOW or ?*] You produce a strange whistling sound. Three creatures appear. You fall down the stairs. The black dragon bites the gnome. What do you want to use or apply? [adik-mot-vyABDJOW or ?*] You don't have the strength to break your wand of light! What do you want to zap? [k-motuyJW or ?*] A lit field surrounds you! You are beginning to feel hungry. What do you want to put on? [D or ?*] You are now wearing a towel around your head. You can't see any more. A wraith suddenly appears! What do you want to take off? [cqKXZ or ?*] You were wearing an uncursed towel. You can see again. You find a polymorph trap. The red naga breathes fire! The blast of fire hits the gnome lord. The gnome lord is disintegrated! The wraith misses! You hit the wraith! The wraith touches you! You hit the wraith! The wraith touches you! You destroy the wraith! You swap places with your red naga. You hit the spotted jelly! You are splashed by the spotted jelly's acid! You miss the spotted jelly. You hit the spotted jelly! You hit the spotted jelly. You hit the spotted jelly! You are splashed by the spotted jelly's acid! You kill the spotted jelly! You are splashed by the spotted jelly's acid! You die... Do you want your possessions identified? [ynq] (y) Do you want to see your attributes? [ynq] (y) Do you want an account of creatures vanquished? [ynaq] (y) Do you want to see your conduct and achievements? [ynq] (y) Do you want to see the dungeon overview? [ynq] (y) Inventory: Weapons b - a +0 dagger j - 2 +0 orcish daggers (at the ready) w - the blessed rustproof +0 Excalibur (weapon in hand) Armor c - an uncursed greased +3 small shield (being worn) q - an uncursed greased +0 pair of gauntlets of dexterity (being worn) x - an uncursed burnt +0 elven cloak K - an uncursed greased +1 pair of iron shoes (being worn) M - an uncursed greased +0 elven mithril-coat (being worn) X - an uncursed +1 dwarvish iron helm (being worn) Z - an uncursed greased +0 orcish cloak (being worn) Comestibles g - an uncursed food ration r - 2 uncursed eggs s - an uncursed pancake z - an uncursed slime mold C - an uncursed lichen corpse T - an uncursed lizard corpse Potions E - an uncursed potion of fruit juice Wands k - a wand of slow monster (0:8) l - a wand of magic missile (0:3) m - a wand of speed monster (0:7) o - a wand of polymorph (0:4) t - a wand of slow monster (0:4) u - a wand of light (0:14) y - a wand of striking (0:7) J - a wand of create monster (0:9) W - a wand of light (0:14) Tools a - an uncursed magic whistle i - an uncursed sack containing 7 items v - an uncursed lock pick A - an uncursed stethoscope B - a +0 pick-axe D - an uncursed towel O - a +0 unicorn horn Gems/Stones d - an uncursed flint stone Contents of the sack: 324 gold pieces an uncursed scroll of blank paper an uncursed scroll of destroy armor 2 uncursed scrolls of identify an uncursed potion of confusion 2 uncursed potions of extra healing 3 uncursed potions of speed Mishka the Valkyrie's attributes: Background: You were a Fighter, a level 9 dwarven Valkyrie. You were lawful, on a mission for Tyr who was opposed by Odin (neutral) and Loki (chaotic). You were in the Gnomish Mines, on level 10. You entered the dungeon 12846 turns ago. You had 2760 experience points, 2360 more were needed to attain level 10. Your score was 11844 before end-of-game adjustments. Basics: You had 0 out of 73 hit points. You had all 15 energy points (spell power). Your armor class was -6. Your wallet was empty, but you had 324 zorkmids stashed away in your pack. Autopickup was on for '$"%?+!=/' plus thrown, with exceptions. Final Characteristics: Your strength was 5 (peak:14, limit:18/100). Your dexterity was 16 (limit:20). Your constitution was 17 (limit:20). Your intelligence was 10 (limit:16). Your wisdom was 10 (limit:16). Your charisma was 11 (limit:16). Final Status: You were hungry. You were burdened; movement was slightly slowed. You were wielding a long sword. You had basic skill with long sword and could have enhanced that. Final Attributes: You were piously aligned. You were fire resistant. You were cold resistant. You were poison resistant. You were level-drain resistant. You were telepathic. You had automatic searching. You had infravision. You were stealthy. You were guarded. You were fast. You are dead. Miscellaneous: You never encountered a bones level. Total elapsed playing time was 3 hours, 25 minutes and 23 seconds. Major events: Turn 1: Mishka the lawful dwarven Valkyrie entered the dungeon 1085: attained the rank of Skirmisher (level 3) 2598: attained the rank of Fighter (level 6) 5665: has been given Excalibur, and now enjoys supreme executive power 6812: entered the Gnomish Mines 8566: reached Mine Town 12846: killed by a spotted jelly Vanquished creatures: a nalfeshnee a giant mimic a large mimic 3 small mimics a large dog a tengu a leocrotta a red naga a wraith a leather golem 3 watchmen a chameleon a giant beetle 3 quivering blobs 2 wolves a spotted jelly 5 leprechauns an iron piercer 2 giant spiders a horse a black light 2 gnome rulers 2 orc mummies 2 dwarf mummies an ogre 2 gold golems 3 lizards a housecat 2 blue jellies a black unicorn a dust vortex 2 gnome mummies 9 Woodland-elves a soldier ant 6 fire ants a bugbear 3 imps a quasit a water nymph 4 mountain nymphs 9 Uruk-hai 3 orc shamans 2 rock piercers 2 ponies 2 yellow lights a violet fungus 12 gnome leaders 3 gray oozes 3 elf zombies a ghoul a straw golem a paper golem 5 giant ants 2 little dogs 4 floating eyes a kitten 5 dwarves a homunculus 2 kobold leaders 11 rothes 3 giant bats 2 monkeys 3 dwarf zombies a wererat 3 werejackals 6 iguanas 3 acid blobs a coyote 2 gas spores 6 hobbits 11 manes 2 large kobolds 3 hobgoblins a giant rat 7 cave spiders 2 yellow molds a green mold a red mold 41 gnomes 3 garter snakes 4 gnome zombies 4 geckos 9 jackals 3 foxes a kobold 4 goblins 6 sewer rats 8 grid bugs 9 lichens 2 kobold zombies 3 newts 304 creatures vanquished. No species were genocided or became extinct. Voluntary challenges: You read items or engraved 12 times. You engraved Elbereth 9 times. You never genocided any monsters. You never polymorphed an object. You never changed form. You used no wishes. Achievements: You attained the rank of Skirmisher. You entered a shop. You attained the rank of Fighter. You entered the Gnomish Mines. You entered Minetown. You entered a temple. The Dungeons of Doom: levels 1 to 6 Level 1: An altar to Tyr, many fountains, a sink. Level 2: Level 3: A fountain. Stairs down to The Gnomish Mines. Level 4: A scroll shop, a grave. Level 5: A general store, many fountains, a grave. Level 6: Some fountains. Oracle of Delphi. The Gnomish Mines: levels 4 to 10 Level 4: Level 5: Level 6: Many shops, a temple to Tyr, many fountains. Level 7: Level 8: Level 9: Level 10: <- You were here. Final resting place for you, killed by a spotted jelly. Game over: ---------- / \ / REST \ / IN \ / PEACE \ / \ | Mishka | | 324 Au | | killed by a | | spotted jelly | | | | | | 2023 | *| * * * | * _________)/\\_//(\/(/\)/\//\/|_)_______ Farvel Mishka the Valkyrie... You died in The Gnomish Mines on dungeon level 10 with 11812 points, and 324 pieces of gold, after 12846 moves. You were level 9 with a maximum of 73 hit points when you died.